 Dungeon Crawl Stone Soup version 0.18-a0-1507-g69458e0 (webtiles) character file.

24 GrosslyIncandescent the Insei (level 2, 14/24 HPs)
             Began as a Mummy Monk on Mar 5, 2016.
             Quit the game on level 2 of the Dungeon.
             The game lasted 00:00:56 (1342 turns).

GrosslyIncandescent the Insei (Mummy Monk)          Turns: 1342, Time: 00:00:56

Health: 14/24      AC:  0    Str: 14    XL:     2   Next: 79%
Magic:  2/2        EV: 13    Int:  9    God:
Gold:   109        SH:  0    Dex: 16    Spells: 0 memorised, 1 level left

rFire  x . .     SeeInvis .       - Unarmed
rCold  + . .     Gourm    .     (no armour)
rNeg   + + +     Faith    .     (no shield)
rPois  ∞         Spirit   .     (no helmet)
rElec  .         Dismiss  .     (no cloak)
rCorr  .         Reflect  .     (no gloves)
SustAt .         Harm     .     (no boots)
MR     .....                    (no amulet)
Stlth  ++........               (no ring)
                                a - +2 ring of dexterity (curse)

@: not resistant to hostile enchantments, unstealthy
A: no food or potions, fire vulnerability, cold resistance 1, negative energy
resistance 3, torment resistance, unbreathing
a: no special abilities


You were on level 2 of the Dungeon.
You were not hungry.

You visited 1 branch of the dungeon, and saw 2 of its levels.

You collected 109 gold pieces.


Innate Abilities, Weirdness & Mutations

You do not eat or drink.
Your flesh is vulnerable to fire.
You are immune to poison.
Your flesh is cold resistant.
You are immune to negative energy.
You are immune to unholy pain and torment.
You can survive without breathing.


   Skills:
 - Level 3.0 Fighting
 - Level 2.4 Dodging
 - Level 1.5 Stealth
 + Level 4.0 Unarmed Combat


You had one spell level left.
You didn't know any spells.

Inventory:

Armour
 c - a cursed +0 robe
Jewellery
 a - a cursed +2 ring of dexterity (left hand)
Scrolls
 b - a scroll of random uselessness {unknown}
 d - a scroll of remove curse {unknown}

Dungeon Overview and Level Annotations

Branches:
Dungeon (2/15)

Altars:

▒+▒▒ ▒▒...▒▒ ▒▒.....▒▒
▒▒ ▒ ▒▒.......▒▒
▒.▒▒.▒▒
▒▒▒.........▒▒▒▒......▒
. ...........+
?.......▒ . ▒.........▒
▒.......▒ . ▒........▒
▒M▒ ▒ ▒.▒.....▒▒ ▒.▒ ▒
▒.▒▒...▒▒ ▒.▒
▒▒▒▒.▒▒▒'▒▒ ▒.▒ (....▒
▒.▒ ▒.▒ ▒▒▒▒▒▒ ▒.▒▒▒▒
▒.▒ ▒ ▒▒....▒▒▒▒.▒ ▒▒
▒▒.......[..▒
.▒▒▒▒▒......▒▒▒▒▒▒


There were no monsters in sight!


Message History

There are monsters nearby!!!
There are monsters nearby!!!
You completely miss the jackal! The jackal bites you!
You beat the jackal into a bloody pulp!
You annihilate the jackal!!!
You closely miss the jackal! The jackal bites you!
The jackal closely misses you!
You are too injured to fight recklessly!!!
You are too injured to fight recklessly!!!
You are too injured to fight recklessly!!!
You are too injured to fight recklessly!!!
You are too injured to fight recklessly!!!
You are too injured to fight recklessly!!!
You are too injured to fight recklessly!!!
You are too injured to fight recklessly!!!
You are too injured to fight recklessly!!!
You are too injured to fight recklessly!!!
You are too injured to fight recklessly!!!
You are too injured to fight recklessly!!!
You closely miss the jackal! The jackal closely misses you!
You pulverise the jackal!
The jackal is almost dead!
The jackal bites you!
You barely miss the jackal!
The jackal is almost dead!
The jackal bites you!
You pummel the jackal like a punching bag!
You annihilate the jackal!!!
You see here a jackal corpse!
Are you sure you want to abandon this character and quit the game? (Confirm with "yes"!)

Action                   || total
-------------------------++-------
Melee: Unarmed           ||    72
 Stab: Sleeping          ||     2

Vault maps used:
D:1:      erik_arrival_triangle_small, solitary_fountain
D:2:      serial_glass, glass_columns_c, glass_columns_c, glass_columns_a,
          glass_columns_a, glass_columns_c, glass_columns_c, uniq_iyjb,
          uniq_terence

Notes
Turn   | Place    | Note
--------------------------------------------------------------
     0 | D:1      | GrosslyIncandescent the Mummy Monk began the quest for the Orb.
     0 | D:1      | Reached XP level 1. HP: 18/18 MP: 1/1
   455 | D:1      | Reached XP level 2. HP: 10/24 MP: 2/2
  1294 | D:2      | Reached skill level 4 in Unarmed Combat
  1342 | D:2      | Quit the game

Vanquished Creatures
  An ooze (D:1)
  A dart slug (D:1)
  A giant gecko (D:1)
  A goblin (D:1)
  4 hobgoblins (D:1)
  2 jackals (D:2)
  A kobold (D:1)
  A ball python (D:2)
  A bat (D:1)
  A giant newt (D:1)
  2 rats (D:1)
16 creatures vanquished.
